cohdb
Replays
Latest Replays
All Replays
Popular Replays
Top Player Replays
Match Explorer
How It Works
Community
CoH3 Stats
Reddit
Sign in to upload your games and track your stats! →
Sign in with Steam
Match 41369549
Unlisted
Match 41369549
Overview
Messages
Build Orders
End
Kettenkrad Recon Vehicle
Construct Infanterie Kompanie
Grenadier Squad
Grenadier Squad
MG 42 Machine Gun Team
GrW 34 Mortar Team
Construct Panzergrenadier Kompanie
251 Medium Carrier
Support Elements
Construct Luftwaffe Kompanie
Jäger Squad
Nebelwerfer 42 Rocket Launcher Team
Marder III M Tank Destroyer
Marder III M Tank Destroyer
Selects Mechanized Battlegroup
Selects Mobile Repair Stations
Selects Wespe Self-propelled Artillery
Selects Raid Package
Wespe Self-propelled Artillery
Wirbelwind Flakpanzer
紫苏子
schnitzel
PopCo
rafikos
Diancécht
Gravey
Steken
Hootch
0
0
Comments
sign in to comment!
No comments posted yet!